 Dungeon Crawl Stone Soup version 0.22-a0-32-ga749362 (webtiles) character file.

17697 Gorglomux the Blocker (level 12, -3/112 HPs)
             Began as a Deep Dwarf Fighter on Jan 3, 2018.
             Was an Elder of Makhleb.
             Slain by a manticore (17 damage)
             ... on level 13 of the Dungeon.
             The game lasted 00:09:37 (8348 turns).

Gorglomux the Blocker (Deep Dwarf Fighter)          Turns: 8348, Time: 00:09:38

Health: -3/112     AC: 15    Str: 25    XL:     12   Next: 21%
Magic:  8/8        EV: 12    Int:  9    God:    Makhleb [****..]
Gold:   420        SH: 12    Dex: 12    Spells: 11/11 levels left

rFire    + . .     SeeInvis .   a - +0 war axe
rCold    . . .     Gourm    .   c - +0 shield
rNeg     . . .     Faith    .   X - +1 chain mail {rF+}
rPois    .         Spirit   .   (no helmet)
rElec    .         Reflect  .   Q - +0 cloak
rCorr    .         Harm     .   (no gloves)
MR       +....                  A - +0 pair of boots
Stlth    ..........             (no amulet)
HPRegen  0.00/turn              (no ring)
MPRegen  0.11/turn              (no ring)

@: non-regenerating
A: damage resistance, heal wounds, sense surroundings 2, no regeneration
a: Heal Wounds, Minor Destruction, Lesser Servant of Makhleb, Major Destruction,
Renounce Religion


You were on level 13 of the Dungeon.
You worshipped Makhleb.
Makhleb was greatly pleased with you.
You were not hungry.

You visited 2 branches of the dungeon, and saw 14 of its levels.
You also visited: Ossuary.

You collected 667 gold pieces.
You spent 247 gold pieces at shops.

Inventory:

Hand Weapons
 a - a +0 war axe (weapon)
Missiles
 Z - a throwing net (quivered)
Armour
 b - a +0 scale mail
 c - a +0 shield (worn)
 A - a +0 pair of boots (worn)
 Q - a +0 cloak (worn)
 X - a +1 chain mail of fire resistance (worn)
Jewellery
 J - an uncursed amulet of harm {unknown}
 K - a cursed -3 ring of protection {unknown}
Wands
 I - a wand of iceblast (2)
 O - a wand of clouds (5)
Scrolls
 g - 5 scrolls of fear
 m - 9 scrolls of remove curse
 u - 4 scrolls of enchant armour {unknown}
 x - a scroll of fog
 B - a scroll of blinking
 F - a scroll of vulnerability
 L - a scroll of immolation {unknown}
 P - a scroll of enchant weapon {unknown}
 R - 3 scrolls of identify
 T - 7 scrolls of teleportation
Potions
 d - 2 potions of might
 j - 2 potions of brilliance
 r - 2 potions of mutation
 s - a potion of magic
 t - 4 potions of heal wounds
 v - 7 potions of flight
 D - a potion of ambrosia {unknown}
 H - 2 potions of invisibility {unknown}
 M - a potion of haste {unknown}
 N - a potion of lignification
 S - 2 potions of resistance {unknown}
 U - a potion of curing {unknown}
 V - a potion of agility {unknown}
Books
 y - a book of Maledictions

   Spells                             Type                      Level
   a - Corona                         Hexes                        1
   b - Ensorcelled Hibernation        Hexes/Ice                    2
   c - Confuse                        Hexes                        3
   d - Tukima's Dance                 Hexes                        3
   e - Dazzling Spray                 Conjuration/Hexes            3
 E - a book of Changes

   Spells                             Type                      Level
   a - Beastly Appendage              Transmutation                1
   b - Sticks to Snakes               Transmutation                2
   c - Spider Form                    Transmutation/Poison         3
   d - Ice Form                       Ice/Transmutation            4
   e - Blade Hands                    Transmutation                5
 W - a book of Misfortune

   Spells                             Type                      Level
   a - Confusing Touch                Hexes                        1
   b - Confuse                        Hexes                        3
   c - Gell's Gravitas                Translocation                3
   d - Petrify                        Transmutation/Earth          4
   e - Metabolic Englaciation         Hexes/Ice                    5
   f - Yara's Violent Unravelling     Hexes/Transmutation          5
Miscellaneous
 Y - a lamp of fire (inert)
Comestibles
 f - 12 rations
 G - 4 chunks of flesh


   Skills:
 + Level 8.6 Fighting
 + Level 9.7 Axes
 + Level 10.0 Armour
 + Level 9.3 Dodging
 + Level 10.1 Shields
 + Level 8.2 Invocations


You had 11 spell levels left.
You didn't know any spells.

Dungeon Overview and Level Annotations

Branches:
Dungeon (13/15)            Temple (1/1) D:4            Lair (0/6) D:10
    Orc (0/2) D:11
 Vaults: D:13-14

Altars:
Ashenzari
Cheibriados
Dithmenos
Elyvilon
Fedhas
Gozag
Hepliaklqana
Kikubaaqudgha
Makhleb
Nemelex Xobeh
Okawaru
Qazlal
Ru
Sif Muna
Trog
Uskayaw
Vehumet
Wu Jian
Xom
Yredelemnul
Zin
The Shining One

Shops:
D:6 [

Annotations:
D:7 1 runed door


Innate Abilities, Weirdness & Mutations

You are resistant to damage.
You can heal yourself by infusing magical energy.
You passively map the area around you.
You do not regenerate.


Message History

You are too injured to fight recklessly!!!
The manticore bites you!!!!!! * * * don't die
* * * The manticore misses you!
You block the manticore's attack!
You slice the manticore like a ripe choko!
The manticore is lightly wounded!
You block the manticore's attack!
The manticore claws you! * * * don't die
* * * The manticore claws you! * * * don't die
* * * You cut the manticore but do no damage!
The manticore is butt-ly wounded!
The manticore bites you!!! * * * don't die
* * * The manticore barely butts you!
The manticore claws you but does no damage!
You barely miss the manticore!
The manticore is lightly wounded!
The manticore bites you!!!!!! rip

...3.55....#### ##
#'###########
#...........#
###########'##
.............#
.............#
.............# < ,
.............###########,
,
.............##.@H......
* *
.............'..########
.............####
##############


You could see a manticore.

Vanquished Creatures
  Frances (D:12)
  Snorg (D:12)
  3 two-headed ogres
  Sonja (D:11)
  An unseen horror (D:12)
  Pikel (D:9)
  2 ugly things (D:13)
  2 cyclopes
  A komodo dragon (D:10)
  A troll (D:13)
  2 hippogriffs (D:9)
  6 yaks
  A wyvern (D:8)
  A wraith (D:13)
  3 hungry ghosts
  Edmund (D:4)
  4 slaves (D:9)
  3 black bears
  3 orc warriors
  5 phantoms
  5 sky beasts
  2 necrophages
  4 ogres
  4 centaurs
  4 bullfrogs
  A big kobold (D:10)
  A gnoll sergeant (D:9)
  8 killer bees
  12 scorpions
  2 troll zombies (D:11)
  4 wights (D:8)
  An electric eel (D:9)
  5 crimson imps
  A howler monkey (D:7)
  2 quasits
  2 human zombies (Ossuary)
  4 centaur zombies
  5 orc priests
  4 hounds
  4 jellies
  3 centaur skeletons
  8 orc wizards
  A bullfrog skeleton (D:12)
  3 iguanas
  15 worker ants
  4 ogre zombies (D:11)
  2 big kobold zombies (Ossuary)
  2 hound zombies
  2 hound skeletons (D:5)
  3 mummies (Ossuary)
  A worker ant zombie (D:10)
  10 adders
  4 gnolls (D:9)
  6 scorpion zombies (Ossuary)
  A shadow imp (D:5)
  An adder zombie (D:5)
  2 adder skeletons
  2 worms
  3 dart slugs
  5 leopard geckos
  42 orcs
  3 giant cockroaches
  2 gnoll zombies (Ossuary)
  4 goblins
  5 hobgoblins
  10 jackals
  10 kobolds
  4 quokkas
  A ball python (D:5)
  4 bats
  2 frilled lizards
  3 goblin skeletons (D:11)
  3 goblin zombies
  2 hobgoblin skeletons (D:11)
  5 hobgoblin zombies
  4 kobold zombies (Ossuary)
  A leopard gecko skeleton (D:5)
  An orc skeleton (D:11)
  12 orc zombies
  5 rats
319 creatures vanquished.

Vanquished Creatures (collateral kills)
  A hydra (D:13)
  A centaur skeleton (D:13)
2 creatures vanquished.

Vanquished Creatures (others)
  5 plants (D:10)
5 creatures vanquished.

Grand Total: 326 creatures vanquished

Notes
Turn   | Place    | Note
-------+----------+-------------------------------------------
     0 | D:1      | Gorglomux the Deep Dwarf Fighter began the quest for the Orb.
     0 | D:1      | Reached XP level 1. HP: 20/20 MP: 1/1
   126 | D:1      | Reached XP level 2. HP: 24/27 MP: 2/2
   433 | D:1      | Reached skill level 1 in Dodging
   582 | D:2      | Reached skill level 3 in Fighting
   582 | D:2      | Reached XP level 3. HP: 30/34 MP: 3/3
   994 | D:3      | Found a snail-covered altar of Cheibriados.
  1011 | D:4      | Noticed a scorpion
  1028 | D:4      | Killed a scorpion
  1028 | D:4      | Reached skill level 3 in Axes
  1028 | D:4      | Reached XP level 4. HP: 42/42 MP: 4/4
  1061 | D:4      | Reached XP level 5. HP: 48/49 MP: 5/5
  1167 | D:4      | Noticed Edmund
  1229 | D:4      | Killed Edmund
  1229 | D:4      | Reached XP level 6. HP: 33/57 MP: 6/6
  1311 | D:4      | Found a staircase to the Ecumenical Temple.
  1349 | Temple   | Entered the Ecumenical Temple
  1726 | D:5      | Entered Level 5 of the Dungeon
  1726 | D:5      | Noticed a sky beast
  1750 | D:5      | Killed a sky beast
  1750 | D:5      | Reached skill level 3 in Dodging
  1936 | D:5      | Reached XP level 7. HP: 39/64 MP: 7/7
  2020 | D:5      | Found an ancient bone altar of Kikubaaqudgha.
  2386 | D:5      | Reached XP level 8. HP: 30/73 MP: 7/7
  2604 | D:6      | Found Ebohemm's Armour Emporium.
  2634 | D:6      | Bought a +1 chain mail of fire resistance for 247 gold pieces
  3000 | D:7      | Reached skill level 6 in Armour
  3000 | D:7      | Reached skill level 6 in Shields
  3190 | D:7      | Found a glowing silver altar of Zin.
  3193 | D:7      | Found a shimmering altar of Xom.
  3196 | D:7      | Found an ornate altar of the Wu Jian Council.
  3198 | D:7      | Found a burning altar of Makhleb.
  3202 | D:7      | Found an opulent altar of Gozag.
  3206 | D:7      | Became a worshipper of Makhleb the Destroyer
  3210 | D:7      | Found a sacrificial altar of Ru.
  3341 | D:7      | Found a runed door.
  3548 | D:8      | Reached skill level 6 in Axes
  3593 | D:8      | Gained mutation: You passively map the area around you. [Deep Dwarf growth]
  3593 | D:8      | Reached XP level 9. HP: 20/81 MP: 6/6
  3629 | D:8      | Found a sand-covered staircase.
  3651 | Ossuary  | Entered an ossuary
  3712 | Ossuary  | Reached * piety under Makhleb
  3916 | Ossuary  | Reached skill level 6 in Dodging
  3931 | Ossuary  | Reached ** piety under Makhleb
  4078 | D:8      | Reached skill level 6 in Fighting
  4291 | D:8      | Reached skill level 1 in Invocations
  4416 | D:9      | Noticed Pikel
  4447 | D:9      | Killed Pikel
  4723 | D:9      | Reached skill level 3 in Invocations
  4723 | D:9      | Reached XP level 10. HP: 60/92 MP: 8/8
  5121 | D:10     | Entered Level 10 of the Dungeon
  5491 | D:10     | Found a staircase to the Lair.
  5634 | D:10     | Reached *** piety under Makhleb
  6144 | D:11     | Noticed a two-headed ogre
  6153 | D:11     | Killed a two-headed ogre
  6192 | D:11     | Found a staircase to the Orcish Mines.
  6229 | D:11     | Noticed a two-headed ogre
  6241 | D:11     | Killed a two-headed ogre
  6241 | D:11     | Reached XP level 11. HP: 51/100 MP: 8/8
  6280 | D:11     | Noticed Sonja
  6297 | D:11     | Killed Sonja
  6297 | D:11     | Reached skill level 9 in Shields
  6297 | D:11     | Reached skill level 6 in Invocations
  6851 | D:11     | Reached skill level 9 in Armour
  6882 | D:12     | Reached **** piety under Makhleb
  7232 | D:12     | Killed an unseen horror
  7288 | D:12     | Noticed Snorg
  7299 | D:12     | Killed Snorg
  7299 | D:12     | Reached skill level 9 in Axes
  7530 | D:12     | Found a blossoming altar of Fedhas.
  7566 | D:12     | Noticed Frances
  7589 | D:12     | Noticed a sun demon
  7589 | D:12     | Noticed a sun demon
  7593 | D:12     | Noticed a soul eater
  7594 | D:12     | Killed Frances
  7594 | D:12     | Reached skill level 9 in Dodging
  7884 | D:13     | Noticed a two-headed ogre
  7895 | D:13     | Killed a two-headed ogre
  7910 | D:13     | Noticed a white ugly thing
  7927 | D:13     | Killed a white ugly thing
  7927 | D:13     | Reached XP level 12. HP: 55/112 MP: 7/7
  8113 | D:13     | Noticed a four-headed hydra
  8128 | D:13     | Killed a four-headed hydra
  8348 | D:13     | Slain by a manticore

Vault maps used:
D:1:      minmay_arrival_arboretum_small
D:2:      first_ration
D:3:      minmay_wonky_spiral, nicolae_overflow_hidden_temple
D:4:      minmay_temple_entry_purple_smoke, uniq_edmund
D:5:      kennysheep_mini_moat, portal_sewer_entry_c, grunt_ministairs_9,
          minmay_divided_ellipse
D:6:      serial_shops, shop_fountains, zaba_anthole
D:7:      minitemple, uniq_crazy_yiuf_cottage
D:8:      nicolae_ossuary_entry_false_entrances, lemuel_centaur_altar
D:9:      uniq_pikel
D:10:     david_lair_shrubbed
D:11:     zombieorc1_lemuel, portal_ice_cave_entry_pillars_1, uniq_sonja
D:12:     basic_altar, uniq_snorg, uniq_frances
Temple:   zaba_magenta_temple
Ossuary:  ossuary_minmay_scorpions

Skill      XL: |  1  2  3  4  5  6  7  8  9 10 11 12 |
---------------+-------------------------------------+-----
Dodging        | 1 2 3 4 5 6 8 9 |  9.3
Fighting       | 3 4 5 6 7 8 |  8.6
Axes           | 3 4 5 6 7 8 9 |  9.7
Armour         | 4 5 6 7 8 9 10 | 10.0
Shields        | 4 5 6 7 8 9 10 | 10.1
Invocations    | 3 5 7 8 |  8.2

Action                   |  1- 3 |  4- 6 |  7- 9 | 10-12 || total
-------------------------+-------+-------+-------+-------++-------
Melee: War axe           |   125 |   149 |   581 |   675 ||  1530
Invok: Lesser Servant of |       |       |       |     5 ||     5
       Minor Destruction |       |       |       |     3 ||     3
 Abil: Heal Wounds       |     2 |     5 |    13 |    25 ||    45
Evoke: Wand              |       |       |       |     4 ||     4
       Lamp of fire      |       |       |       |     1 ||     1
  Use: Scroll            |       |     5 |     9 |     1 ||    15
       Potion            |       |       |       |     2 ||     2
 Stab: Distracted        |       |       |       |     1 ||     1
  Eat: Chunk             |     1 |     3 |    10 |    15 ||    29
       Ration            |       |       |       |     2 ||     2
Armor: Scale mail        |    50 |    58 |    43 |       ||   151
       Chain mail        |       |       |   294 |   351 ||   645
       Skin              |       |       |       |    78 ||    78
Dodge: Dodged            |    38 |    46 |   244 |   282 ||   610
Block: Shield            |    86 |    84 |   381 |   449 ||  1000

Table legend:
 A = Spawn XP
 B = Non-spawn XP
 C = Spawn XP percentage of total XP
 D = Spawn monster count
 E = Non-spawn monster count
 F = Spawn count percentage of total count
 G = Total turns spent on level
                    A         B        C        D         E        F      G
               +---------+---------+-------+---------+---------+-------+---------
         Total |       0 |   25282 |   0.0 |       0 |     317 |   0.0 |  8348
               +---------+---------+-------+---------+---------+-------+---------
           D:1 |       0 |      33 |   0.0 |       0 |      18 |   0.0 |   502
           D:2 |       0 |      29 |   0.0 |       0 |      10 |   0.0 |   253
           D:3 |       0 |      22 |   0.0 |       0 |      10 |   0.0 |   255
           D:4 |       0 |     419 |   0.0 |       0 |      23 |   0.0 |   639
           D:5 |       0 |     964 |   0.0 |       0 |      31 |   0.0 |   713
           D:6 |       0 |     330 |   0.0 |       0 |      14 |   0.0 |   552
           D:7 |       0 |     713 |   0.0 |       0 |      22 |   0.0 |   528
           D:8 |       0 |    1211 |   0.0 |       0 |      22 |   0.0 |   467
           D:9 |       0 |    1862 |   0.0 |       0 |      16 |   0.0 |   796
          D:10 |       0 |    1999 |   0.0 |       0 |      32 |   0.0 |   795
          D:11 |       0 |    4888 |   0.0 |       0 |      42 |   0.0 |   957
          D:12 |       0 |    6999 |   0.0 |       0 |      26 |   0.0 |   974
          D:13 |       0 |    5054 |   0.0 |       0 |      18 |   0.0 |   501
       Ossuary |       0 |     759 |   0.0 |       0 |      33 |   0.0 |   339
               +---------+---------+-------+---------+---------+-------+---------
